Cogmind - Beta 12 @@@ ROGUE MODE // 2024.01.22 @ 14:36:16 Player: Dosh Result: Destroyed by as-17160 with Assembled Blade Performance ------------- Evolutions (0) 0 Regions Visited (2) 400 Robots Destroyed (24) 120 Value Destroyed (689) 689 Prototype IDs (1) 20 Alien Tech Used (0) 0 Bonus (0) 0 TOTAL SCORE: 1229 Bonus ------- None Cogmind --------- Core Integrity 0/250 Matter 283/300 Energy 77/125 System Corruption 0% Temperature Cool (0) Movement Rolling (110) Ox2 Location -10/Mines Parts ------- > --- POWER (1) -------- Light Ion Engine > --- PROPULSION (2) --- Wheel > --- UTILITY (2) ------ Large Storage Unit Seismic Detector > --- WEAPON (2) ------- (None) > --- INVENTORY (15) --- Light Treads Light Treads High-capacity Storage Unit Huge Storage Unit Hacking Suite Hacking Suite Recalibrator EM Pulse Gun Improved EM Shotgun Light Assault Rifle Bore Cannon Peak State ------------ > --- POWER ------------ Ion Engine > --- PROPULSION ------- Light Treads Light Treads > --- UTILITY ---------- Large Storage Unit Seismic Detector > --- WEAPON ----------- Improved EM Shotgun Improved EM Shotgun > --- INVENTORY -------- Wheel High-capacity Storage Unit Hacking Suite Hacking Suite Recalibrator EM Pulse Gun Improved EM Shotgun Improved EM Shotgun Light Assault Rifle [Rating: 13] Favorites ----------- Power Ion Engine Engine Ion Engine Propulsion Light Treads Treads Light Treads Wheel Wheel Utility Large Storage Unit Device Seismic Detector Storage Large Storage Unit Weapon Improved EM Shotgun Energy Gun Improved EM Shotgun Ballistic Gun Light Assault Rifle Ballistic Cannon Light Cannon Build | -11 -10 -10 ------- Run | Jun Mat Min Slots Evolved . | . . . Power . | . . . Propulsion . | . . . Utility . | . . . Weapon . | . . . Parts Attached 21 | 6 11 4 Power 3 | 1 1 1 Engine 3 | 1 1 1 Core . | . . . Reactor . | . . . Propulsion 5 | 2 2 1 Treads 4 | 2 2 . Leg . | . . . Wheel 1 | . . 1 Hover . | . . . Flight . | . . . Utility 4 | 1 3 . Device 2 | . 2 . Storage 2 | 1 1 . Processor . | . . . Hackware . | . . . Protection . | . . . Artifact . | . . . Weapon 9 | 2 5 2 Energy Gun 5 | . 3 2 Energy Cannon . | . . . Ballistic Gun 3 | 2 1 . Ballistic Cannon 1 | . 1 . Launcher . | . . . Special Weapon . | . . . Impact Weapon . | . . . Slashing Weapon . | . . . Piercing Weapon . | . . . Special Melee Weapon . | . . . Unidentified Prototypes 1 | . 1 . Parts Lost 8 | . 1 7 Power 2 | . 1 1 Propulsion 2 | . . 2 Utility . | . . . Weapon 4 | . . 4 Highest Loss Streak 6 | . 1 6 To Critical Strikes . | . . . Average Slot Usage (%) 98 | . 98 98 Engine 13 | . 13 13 Treads 27 | . 27 27 Device 13 | . 13 14 Storage 14 | . 14 14 Energy Gun 12 | . 11 13 Ballistic Gun 9 | . 12 . Ballistic Cannon 5 | . 2 13 Naked Turns . | . . . Heaviest Build 32 | 10 32 32 Greatest Support 40 | 40 40 40 Greatest Overweight (x) 2 | . 1 2 Average Overweight (x) . | . . . Largest Inventory Capacity 15 | 8 15 15 Average Capacity 14 | 6 14 15 Most Carried 14 | 2 13 14 Average Carried 8 | 1 7 13 Final Capacity 15 | 8 15 15 Final Carried 13 | 2 13 11 Class Distribution -------------------- 100% | Mutant Dominant Class ---------------- Mutant | -10/Materials Mutant | -10/Mines Resources | -11 -10 -10 ----------- Run | Jun Mat Min Matter Collected 543 | 211 225 107 Remotely . | . . . Salvage Created 968 | . 917 51 Parts 56 | . 56 . Haulers Intercepted 2 | . 2 . Recyclers Shooed 2 | . 2 . Parts Field Recycled . | . . . Retrieved Matter . | . . . Parts Self-Destructed . | . . . Prevented . | . . . Kills | -11 -10 -10 ------- Run | Jun Mat Min Combat Hostiles Destroyed 21 | . 15 6 Guns 15 | . 11 4 Cannons 4 | . 2 2 AOE 2 | . 2 . Classes Destroyed 8 | . 6 2 Hauler 2 | . 2 . Recycler 1 | . 1 . Mechanic 1 | . 1 . Operator 3 | . 3 . Watcher 1 | . 1 . Grunt 15 | . 15 . Demolisher 1 | . . 1 Assembled 5 | . . 5 Best Kill Streak 4 | . 4 1 Combat Bots Only 3 | . 3 1 Max Kills in Single Turn 2 | . 2 1 Gunslinging . | . . . Exploded 1 | . 1 . Melee . | . . . Uniques/NPCs Destroyed . | . . . Combat | -11 -10 -10 -------- Run | Jun Mat Min Damage Taken 1314 | . 443 871 Core 276 | . 58 218 Absorbed by Shields . | . . . Regen/Repaired (Parts) 216 | . 216 . Core Remaining (%) 100 | 100 . . Volleys Fired 87 | . 61 26 Largest 2 | . 2 2 Hottest 90 | . 90 90 Shots Fired 164 | . 122 42 Gun 137 | . 120 17 Cannon 27 | . 2 25 Launcher . | . . . Special . | . . . Kinetic 115 | . 90 25 Thermal . | . . . Explosive . | . . . Electromagnetic 49 | . 32 17 Robot Hit Streak 9 | . 9 4 Robot Miss Streak 5 | . 4 5 Penetration Max . | . . . Secondary Targets 1 | . 1 . Max Gunslinging Chain 1 | . 1 . Shots Hit Robots 102 | . 81 21 Core Hits 56 | . 45 11 Critical Kills . | . . . Critical Parts Destroyed . | . . . Critical Strikes 1 | . . 1 Blast 1 | . . 1 Melee Attacks . | . . . Impact . | . . . Slashing . | . . . Piercing . | . . . Sneak Attacks . | . . . Combat Hostiles . | . . . Follow-up Attacks . | . . . Damage Inflicted 1299 | . 1023 276 Guns 992 | . 887 105 Cannons 206 | . 35 171 Explosions 58 | . 58 . Melee . | . . . Ramming 43 | . 43 . Kinetic 634 | . 463 171 Thermal 58 | . 58 . Explosive . | . . . Electromagnetic 564 | . 459 105 Impact . | . . . Slashing . | . . . Piercing . | . . . Highest Corruption . | . . . Average Corruption . | . . . Corruption Purged . | . . . Corruption Blocked . | . . . Overload Shots . | . . . Overflow Damage . | . . . Projectiles . | . . . Explosions . | . . . Melee . | . . . Knockbacks 2 | . 1 1 Impact 1 | . 1 . Kinetic 1 | . . 1 Secondary . | . . . Self-Inflicted Damage 70 | . 70 . Shots 2 | . 2 . Rammed 3 | . 3 . Targets Rammed 5 | . 5 . Kicked . | . . . Crushed 2 | . 2 . Highest Temperature 168 | . 168 132 Average Temperature 42 | . 47 33 Received Heat Transfer 270 | . 210 60 Siege Activations . | . . . Robots Corrupted . | . . . Combat Hostiles . | . . . Parts Fried 2 | . 2 . Impact Corruptions . | . . . Robots Melted . | . . . Combat Hostiles . | . . . Parts Melted . | . . . Heat Transferred 50 | . 50 . Parts Sabotaged . | . . . Parts Stolen . | . . . Parts Stripped . | . . . Power Chain Reactions 2 | . 2 . Missiles Intercepted . | . . . Alert | -11 -10 -10 ------- Run | Jun Mat Min Peak Influence 179 | . 179 69 Initial 49 | . . 49 Average 81 | . 104 35 Maximum Alert Level . | . . . Low Security (%) 100 | 100 100 100 Level 1 . | . . . Level 2 . | . . . Level 3 . | . . . Level 4 . | . . . Level 5 . | . . . High Security . | . . . Max Security . | . . . Squads Dispatched 5 | . 5 . Investigation 2 | . 2 . Extermination . | . . . Reinforcement 3 | . 3 . Assault . | . . . Garrison . | . . . Intercept . | . . . Searches Triggered . | . . . Construction Impeded . | . . . Haulers Reinforced . | . . . Active Scanning Responses . | . . . Cargo Convoy Interrupts . | . . . Stealth | -11 -10 -10 --------- Run | Jun Mat Min Distress Signals . | . . . Communications Jammed . | . . . Distress Signals . | . . . Times Spotted 40 | . 29 11 Peak Tracking Total 4 | . 4 4 Tactical Retreats 1 | . . 1 Traps | -11 -10 -10 ------- Run | Jun Mat Min Traps Triggered 1 | . 1 . Indirectly . | . . . Trap Hack Attempts . | . . . Triggered . | . . . Disarmed . | . . . Reprogrammed . | . . . Reused . | . . . Traps Extracted . | . . . Installed . | . . . Triggered . | . . . Machines | -11 -10 -10 ---------- Run | Jun Mat Min Machines Disabled . | . . . Max in Single Turn . | . . . Machines Repaired . | . . . Machines Sabotaged . | . . . Overloaded Fab Kills . | . . . Hacking | -11 -10 -10 --------- Run | Jun Mat Min Machines Accessed 7 | . 7 . Terminals 5 | . 5 . Fabricators . | . . . Repair Stations 1 | . 1 . Recycling Units 1 | . 1 . Scanalyzers . | . . . Garrison Access . | . . . Total Hacks 22 | . 22 . Successful 12 | . 12 . Failed 10 | . 10 . Catastrophic 1 | . 1 . Database Lockouts . | . . . Manual 15 | . 15 . Terminals 14 | . 14 . Fabricators . | . . . Repair Stations 7 | . 7 . Recycling Units 1 | . 1 . Scanalyzers . | . . . Garrison Access . | . . . Terminal Hacks 3 | . 3 . Robot Analysis 2 | . 2 . Hauler Manifests 1 | . 1 . Fabricator Hacks . | . . . Repair Station Hacks 6 | . 6 . Scan Component 3 | . 3 . Repair 3 | . 3 . Recycling Unit Hacks . | . . . Scanalyzer . | . . . Garrison Access Hacks . | . . . Unauthorized Hacks 3 | . 3 . Terminals 2 | . 2 . Botnet 1 | . 1 . Operators 1 | . 1 . Fabricators . | . . . Repair Stations . | . . . Recycling Units 1 | . 1 . Tunnel 1 | . 1 . Scanalyzers . | . . . Garrison Access . | . . . Data Cores Recovered . | . . . Used . | . . . Hacking Detections 6 | . 6 . Full Trace Events 1 | . 1 . Feedback Events . | . . . Feedback Blocked . | . . . Robot Schematics Acquired . | . . . Robots Built . | . . . Authchips . | . . . Time . | . . . Total Robot Build Rating . | . . . Part Schematics Acquired . | . . . Parts Built . | . . . Authchips . | . . . Time . | . . . Total Part Build Rating . | . . . Parts Repaired 3 | . 3 . Time 128 | . 128 . Parts Recycled . | . . . Recycled Matter . | . . . Retrieved Matter . | . . . Retrieved Components . | . . . Parts Scanalyzed . | . . . Part Schematics Acquired . | . . . Parts Damaged . | . . . Bothacking | -11 -10 -10 ------------ Run | Jun Mat Min Used RIF Installer . | . . . Robots Hacked . | . . . Non-combat . | . . . Combat . | . . . Robot Hacks Applied . | . . . Relay Couplers Released . | . . . Fabnet Peak Effective % . | . . . Robots Rewired . | . . . Allies Hacked . | . . . Hacks Repelled . | . . . Allies | -11 -10 -10 -------- Run | Jun Mat Min Total Allies . | . . . Largest Group . | . . . Highest-Rated Group . | . . . Highest-Rated Ally . | . . . Total Orders . | . . . Ally Attacks . | . . . Total Damage . | . . . Kills . | . . . Allies Corrupted . | . . . Allies Melted . | . . . Intel | -11 -10 -10 ------- Run | Jun Mat Min Robot Analysis Total 2 | . 2 . Derelict Logs Recovered 1 | . . 1 Drone Launches . | . . . Drone Recoveries . | . . . Exploration | -11 -10 -10 ------------- Run | Jun Mat Min Turns Passed 2282 | 80 1565 637 Spaces Moved 1153 | 47 752 354 Core 5 | 5 . . Treads 1136 | 42 752 342 Legs . | . . . Wheels 12 | . . 12 Hover . | . . . Flight . | . . . Fastest Speed 50 | 50 160 110 Average Speed 159 | 148 160 158 Slowest Speed 240 | 160 240 160 Overloaded Moves . | . . . Propulsion Burnouts . | . . . Robots Hopped . | . . . Cave-ins Triggered . | . . . Exploration Rate (%) 56 | 5 95 70 Regions Visited 2 Branch Regions 1 Pre-discovered Areas 1 | . 1 . Known Exits Taken . | . . . Unknown Exits Taken 2 | 1 1 . Scrap Searched 1 | . . 1 Spaces Dug . | . . . Terrain Destroyed 6 | . 6 . Melee . | . . . Projectile . | . . . AOE 6 | . 6 . Terrain Rammed . | . . . Walls Destroyed . | . . . Machines Disabled . | . . . Actions | -11 -10 -10 --------- Run | Jun Mat Min Total 1446 | 54 1004 388 Wait 162 | . 159 3 Move 1151 | 46 751 354 Hop . | . . . Pick Up 14 | 2 11 1 Fast Attach 17 | 6 10 1 Attach 4 | . 1 3 Detach 4 | . 4 . Swap . | . . . Drop 2 | . 2 . Fire 87 | . 61 26 Melee . | . . . Ram . | . . . Kick . | . . . Crush 5 | . 5 . Escape Stasis . | . . . Rewire . | . . . Trap . | . . . Miscellaneous . | . . . Route ------- -11/Junkyard -10/Materials (discovered 5 exits: [*Mat x3] / [*Min x2]) -10/Mines (discovered 2 exits: [*Mat] / [*Exi]) History --------- Turn | Location | Event 7 | -11/Junkyard | Discovered new exit (range 14) 81 | -11/Junkyard | Entered Materials 301 | -10/Materials | Discovered new exit (range 11) 316 | -10/Materials | Build established: Mutant 483 | -10/Materials | Discovered new exit (range 15) 1108 | -10/Materials | Discovered new exit (range 3) 1245 | -10/Materials | Discovered new exit (range 16) 1437 | -10/Materials | Repaired Imp. EM Shotgun 1464 | -10/Materials | Repaired Lgt. Treads 1517 | -10/Materials | Repaired Imp. EM Shotgun 1525 | -10/Materials | Discovered new exit (range 14) 1646 | -10/Materials | Entered Mines 1710 | -10/Mines | Deemed a non-threat by the Exiles lab entrance 1710 | -10/Mines | Discovered new exit (range 5) 1760 | -10/Mines | Discovered new exit (range 9) 1805 | -10/Mines | A weapon hastily lodged in a ceiling crevice suddenly fell to the ground 1820 | -10/Mines | Assembled infested the area 2265 | -10/Mines | Core integrity fell below 50% 2269 | -10/Mines | Core integrity fell below 20% 2283 | -10/Mines | Destroyed by as-17160 with Assembled Blade Last Messages --------------- 01995_ Acquired 10 matter. 02016_ as-80238 suffers critical hit (Blast). 02016_ as-80238 destroyed. 02019_ Acquired 6 matter. 02022_ Acquired 2 matter. 02043_ as-59432 destroyed. 02051_ Acquired 16 matter. 02052_ Acquired 4 matter. 02169_ Acquired derelict log, extracted data. Data stored: Recycling entrances (x1). 02249_ Ion Engine destroyed. 02253_ as-06052 knocked back. 02255_ Lgt. Treads destroyed. 02256_ as-06052 destroyed. 02260_ Lgt. Cannon destroyed. 02265_ Imp. EM Shotgun destroyed. 02274_ Acquired Lgt. Ion Engine. 02277_ Acquired 11 matter. 02278_ Imp. EM Shotgun destroyed. 02278_ Lgt. Treads destroyed. Map ----- +----------------------------------------------------+ | ????????????????????????????????# ??????? | | ????????????????????????????????# ??????? | | ????????????????????????????????#!??????? | | ????????????????????????????????#=??????? | | ????????????????????????????????#*??????? | | ?????????????????????????????????%###???? | | ?????????????????????????????????%==#???? | | ?????????????????????????????????#!%#???? | | ?????????????????????????????????#%=#???? | | ?????????????????????????????????#%%#???? | | ?????????????????????????????????#==#???? | | ?????????????????????????????????#%!##??? | | ????????????????????????????######*=%##?? | | ????????????????????????????# !!== #?? | | ??????????????????????####### ### %* #?? | | ??????????????????????# ## #?## #?? | | ??????????????????##### ##?## ! #?? | | ?????????????????## ## #??##%!#?? | | ??????????######## ## #???#=*#?? | | #????????? !%= ##### ##???#% #?? | | ?????????? |=* ########????#!*#?? | | ?????????????# ###???????#%!#?? | | ???????????????# ##??????#*=#?? | | ????????????????# ########! #?? | | ???????????????## a !*%!% #?? | | ?????????????### @aaa %=|= #?? | | ????????????## ################?? | | ???????????## % ### #????????????????? | | ??????????## ####?# #????????????????? | | ?????????## #####??# #????????????????? | | ????????## #### ## #????????????????? | | ??# #### ##?# # ####?????????????? | | ??# #??# #?????????????? | | ??####### ##?# #?????????????? | | ????????#%!##?# #### #?????????????? | | ???????##% ## #???#% #?????????????? | | ?????### % #????#! #???########??? | | ????## #????# #???# #??? | | ????# ##????# ##### =%[= #??? | | ????# !% ########?????# =[%=%=#??? | | ???## ##????????????# """ #??? | | ???# % #?????????????### %### "" #??? | | ???# #???????????????# #?# """ #??? | | ???# ##???????????????# #?# #??? | | ???# ##????????????????# #?# """ #??? | | ??##%* #?????????????????####?# """ #??? | | ?## [ #??????????????????????# """ #??? | | ##%= ##??????????????????????# #??? | | # =% ####????????????????????# #??? | | ##???????????????????########??? | +----------------------------------------------------+ Best States ------------- Heat Dissipation 25 Energy Generation 10 Energy Capacity 250 Matter Stores 300 Matter Capacity 300 Sight Range 16 Terrain Scan Density 10 Evasion (%) 40 Recoil Reduction 2 Item Schematics ----------------- None Robot Schematics ------------------ None Fabricated ------------ Nothing Alien Tech Used ----------------- None Achievements -------------- None Challenges ------------ None Game ------ Seed HardenedGrenadeLeg Manual? 0 Play Time 00:11:10 Cumulative 126.8 hours Start 2024.01.22 @ 14:27:24 End 2024.01.22 @ 14:36:16 Sessions 1 Manual Loads 0 Difficulty Rogue Special Mode None Game No. 126 Rogue 126 Adventurer 0 Explorer 0 Win Type - Total 2 Types 2/0/0/0/0/0/0/0/0 Lore% 56 Gallery% 62 Achievement% 53 Wizard Run 0 Options --------- ASCII 0 Keyboard 1 Movement Numpad Keybinds 0 Fullscreen 2 Font 18/SmallcapsGlow Map View 76x50 Tactical HUD 1 Map Filters NONE Filters NONE Steam 1 RUN: 8a1aabb0-1490-4700-8a57-6077bc20a1a4